 Dungeon Crawl Stone Soup version 0.14.0-12-g87ee3b7 (webtiles) character file.

4877 4tharraofdagon the Cleaver (level 10, 10/88 HPs)
             Began as a Minotaur Gladiator on Apr 16, 2014.
             Was a Believer of the Shining One.
             Quit the game on Level 11 of the Dungeon.
             The game lasted 00:24:00 (3211 turns).

4tharraofdagon the Cleaver (Minotaur Gladiator)     Turns: 3211, Time: 00:24:00

HP  10/88        AC  9     Str 19      XL: 10   Next: 20%
MP   5/11        EV 12     Int  8      God: the Shining One [**....]
Gold 222         SH  0     Dex 12      Spells:  0 memorised,  9 levels left

rFire  + . .     SeeInvis .     D - +1,+0 battleaxe
rCold  . . .     Clarity  .     d - troll hide
rNeg   + . .     Conserve .     (no shield)
rPois  .         rCorr    .     c - +1 hat
rElec  .         rRot     .     t - +2 cloak
SustAb . .       Spirit   .     k - +0 pair of gloves
rMut   .         Warding  .     x - +0 pair of boots
Saprov . . .     Stasis   .     (no amulet)
MR     .....                    (no ring)
                                e - ring of protection from fire

@: glowing, not resistant to hostile enchantments, very unstealthy
A: retaliatory headbutt, horns 2, talons 1
a: Divine Shield, Renounce Religion


You were on level 11 of the Dungeon.
You worshipped the Shining One.
The Shining One was pleased with you.
You were not hungry.

You visited 2 branches of the dungeon, and saw 13 of its levels.

You collected 222 gold pieces.

Inventory:

Hand weapons
 a - a +0,+0 war axe
 p - a +0,+0 war axe
 w - a +1,+2 war axe
 D - a +1,+0 battleaxe (weapon)
Missiles
 u - 17 darts (quivered)
Armour
 b - a +0 leather armour
 c - a +1 hat (worn)
 d - a troll hide (worn)
 h - a +0 scale mail
 k - a +0 pair of gloves (worn)
 l - the +1 leather armour of the End {rElec Curse}
   (You found it on level 11 of the Dungeon)

   It insulates you from electricity.
   It may recurse itself when equipped.
 s - a +0 pair of boots
 t - a +2 cloak (worn)
 x - a +0 pair of boots (worn)
 E - a +0 plate armour
Magical devices
 y - a wand of frost (1)
 H - a wand of heal wounds (0)
Comestibles
 f - 3 bread rations
 o - 4 meat rations
 B - a lychee
 C - an apricot
Scrolls
 g - a scroll of noise
 j - a scroll of enchant weapon II
 q - 3 scrolls of remove curse
 r - a scroll of fog
 G - a scroll of identify
Jewellery
 e - a ring of protection from fire (left hand)
 m - an uncursed amulet of stasis
Potions
 i - a potion of curing
 z - a potion of degeneration
 A - a potion of poison


   Skills:
 + Level 8.3 Fighting
 * Level 12.0 Axes
 - Level 2.0 Throwing
 + Level 8.1 Armour
 - Level 3.2 Dodging
 + Level 4.0 Invocations
 + Level 4.1 Evocations


You had 9 spell levels left.
You didn't know any spells.

Dungeon Overview and Level Annotations

Branches:
Dungeon (12/15)            Temple (1/1) D:4
    Orc: D:9-12        Lair: D:8-11

Altars:
Dithmenos
Elyvilon
Fedhas
Kikubaaqudgha
Vehumet
Zin
The Shining One

Annotations:
D:3 Sigmund
D:5 Menkaure
D:8 Maurice


Innate Abilities, Weirdness & Mutations

You reflexively headbutt those who attack you in melee.
You have a pair of horns on your head.
You have sharp toenails.


Message History

The orc warrior hits you with a scimitar!
The centaur hits you.
* * * LOW HITPOINT WARNING * * *
The centaur hits you.
* * * LOW HITPOINT WARNING * * *
The sky beast hits you but does no damage.
Use which ability? (? or * to list)
Okay, then.
Unknown command.
Unknown command.
You hit the orc warrior. You headbutt the orc warrior.
The orc warrior is moderately wounded.
The centaur closely misses you. The centaur completely misses you.
The sky beast closely misses you.
The orc warrior hits you with a scimitar!
* * * LOW HITPOINT WARNING * * *
The centaur hits you but does no damage.
Unknown command.
Unknown command.
Are you sure you want to abandon this character and quit the game? (Confirm with "yes".)

####### ####I....#
#uo@co...####
#.##co....... #
#o....#### .. #.....#
####... #.##.##
#..o.... #.##.#
#.......# #.##.#
#....... #. #.##.#
#.?.#.###
###...#.##.####.)......


You could see a cyan ugly thing, an orc warrior, a sky beast, 2 centaurs and 3
orcs.

Vanquished Creatures
  A fire dragon (D:9)
  A centaur warrior (D:9)
  An item mimic (D:9)
  A troll (D:9)
  2 two-headed ogres
  A shadow (D:9)
  A hippogriff (D:9)
  A necrophage (D:8)
  An ice beast (D:10)
  4 orc warriors
  2 phantoms
  4 ogres
  A centaur (D:5)
  3 giant frogs
  An eye of draining (D:11)
  3 scorpions
  6 wights
  A killer bee (D:11)
  A goliath beetle (D:9)
  4 hounds
  An orc priest (D:7)
  2 quasits (D:6)
  5 worker ants
  6 orc wizards
  A killer bee zombie (D:9)
  A big kobold skeleton (D:8)
  A hound skeleton (D:9)
  6 adders
  A gnoll (D:6)
  An inept feature mimic (D:7)
  An iguana zombie (D:5)
  A giant eyeball (D:8)
  2 giant geckos
  An ooze (D:4)
  19 orcs
  4 bats
  2 bat zombies (D:6)
  12 goblins
  2 hobgoblins
  7 kobolds
  A quokka (D:9)
  4 giant cockroaches
  A giant gecko skeleton (D:5)
  A giant newt (D:4)
  A giant spore (D:10)
  13 jackals
  A kobold skeleton (D:4)
  An orc skeleton (D:8)
  10 rats
  A rat zombie (D:6)
150 creatures vanquished.

Vanquished Creatures (collateral kills)
  A quasit (D:9)
1 creature vanquished.

Vanquished Creatures (others)
  A cyclops (D:9)
  2 yaks (D:9)
  A centaur (D:9)
  A rat (D:9)
5 creatures vanquished.

Grand Total: 156 creatures vanquished

Notes
Turn   | Place    | Note
--------------------------------------------------------------
     0 | D:1      | 4tharraofdagon, the Minotaur Gladiator, began the quest for the Orb.
     0 | D:1      | Reached XP level 1. HP: 18/18 MP: 1/1
    41 | D:2      | Reached skill level 4 in Axes
    41 | D:2      | Reached XP level 2. HP: 18/25 MP: 1/1
    77 | D:2      | Reached skill level 1 in Armour
   138 | D:3      | Noticed Sigmund
   258 | D:3      | Reached XP level 3. HP: 19/30 MP: 2/2
   276 | D:3      | Gained mutation: You have sharp toenails. [potion of beneficial mutation]
   340 | D:4      | Reached XP level 4. HP: 13/38 MP: 2/2
   358 | D:4      | Reached skill level 5 in Axes
   422 | D:5      | Entered Level 5 of the Dungeon
   429 | D:5      | Reached XP level 5. HP: 19/45 MP: 2/2
   475 | D:5      | Noticed a phantom
   616 | D:6      | Reached skill level 6 in Axes
   616 | D:6      | Reached XP level 6. HP: 30/52 MP: 3/3
   641 | D:6      | Found a white marble altar of Elyvilon.
   745 | D:7      | Found a flagged portal.
   747 | D:7      | the flagged portal was a mimic.
   906 | D:6      | Noticed an orc warrior
   941 | D:6      | Reached skill level 7 in Axes
   961 | D:6      | Reached XP level 7. HP: 26/60 MP: 3/3
  1072 | D:5      | Noticed Menkaure
  1128 | D:6      | Reached skill level 5 in Fighting
  1350 | D:5      | Noticed a centaur
  1354 | D:5      | Killed a centaur
  1354 | D:5      | Reached skill level 8 in Axes
  1354 | D:5      | Reached skill level 5 in Armour
  1376 | D:5      | Noticed an ogre
  1381 | D:5      | Killed an ogre
  1603 | D:4      | Found a staircase to the Ecumenical Temple.
  1611 | Temple   | Entered the Ecumenical Temple
  1622 | Temple   | Became a worshipper of the Shining One
  1813 | D:7      | Found a blossoming altar of Fedhas.
  1910 | D:8      | Noticed Maurice
  1914 | D:8      | Paralysed by a giant eyeball for 3 turns
  1926 | D:8      | Reached XP level 8. HP: 70/70 MP: 3/3
  1932 | D:8      | Reached skill level 9 in Axes
  2011 | D:8      | Noticed a hill giant
  2062 | D:9      | Noticed a two-headed ogre
  2069 | D:9      | Noticed a troll
  2071 | D:9      | Killed a two-headed ogre
  2123 | D:9      | Killed a scroll mimic
  2123 | D:9      | Reached skill level 1 in Invocations
  2123 | D:9      | Reached skill level 1 in Evocations
  2203 | D:9      | Reached skill level 10 in Axes
  2248 | D:9      | Reached XP level 9. HP: 40/79 MP: 7/7
  2394 | D:8      | Noticed a two-headed ogre
  2401 | D:8      | Killed a two-headed ogre
  2632 | D:9      | Noticed a centaur warrior
  2644 | D:9      | Killed a centaur warrior
  2644 | D:9      | Reached skill level 11 in Axes
  2705 | D:9      | Noticed a fire dragon
  2705 | D:9      | Acquired the Shining One's first power
  2721 | D:9      | Killed a fire dragon
  2729 | D:9      | Noticed an iron troll
  2822 | D:9      | Killed a troll
  2822 | D:9      | Reached XP level 10. HP: 21/88 MP: 10/10
  2884 | D:10     | Entered Level 10 of the Dungeon
  2934 | D:9      | Found a glowing silver altar of Zin.
  2937 | D:9      | Found an ancient bone altar of Kikubaaqudgha.
  3178 | D:11     | Got a brightly glowing leather armour
  3182 | D:11     | Reached skill level 12 in Axes
  3190 | D:11     | Identified the +1 leather armour of the End {rElec Curse} (You found it on level 11 of the Dungeon)
  3204 | D:12     | Acquired the Shining One's second power
  3205 | D:12     | WTF
  3206 | D:11     | HP: 3/88 [orc warrior/scimitar (16)]
  3211 | D:11     | Quit the game

Action                   |  1- 3 |  4- 6 |  7- 9 | 10-12 || total
-------------------------+-------+-------+-------+-------++-------
Melee: War axe           |    28 |    85 |   121 |       ||   234
       Battleaxe         |       |       |   104 |    45 ||   149
Throw: Throwing net      |     4 |    10 |     1 |       ||    15
       Dart              |       |       |       |     1 ||     1
Evoke: Wand              |       |       |    12 |     3 ||    15
  Use: Potion            |     1 |     2 |     4 |       ||     7
       Scroll            |       |     9 |     5 |     4 ||    18
 Stab: Held in net/web   |       |     4 |       |       ||     4
